 Dungeon Crawl Stone Soup version 0.26-a0-752-gcff87cac9a (webtiles) character file.

Game seed: 1603408144899906170

64 Forecaster the Stinger (level 4, 0/36 HPs)
             Began as a Naga Venom Mage on Nov 6, 2020.
             Slain by a hobgoblin
             ... wielding a +0 club
             ... led by Robin
              (8 damage)
             ... on level 2 of the Dungeon.
             The game lasted 00:06:29 (1942 turns).

Forecaster the Stinger (Naga Venom Mage)            Turns: 1942, Time: 00:06:29

Health: 0/36       AC:  2    Str: 11    XL:     4   Next: 12%
Magic:  1/8        EV: 10    Int: 16    God:
Gold:   126        SH:  0    Dex: 11    Spells: 5/8 levels left

rFire    . . .     SeeInvis +   r - +0 dagger
rCold    . . .     Faith    .   (no shield)
rNeg     . . .     Spirit   .   p - +0 robe
rPois    +         Reflect  .   (no helmet)
rElec    .         Harm     .   (no cloak)
rCorr    .         Rampage  .   (no gloves)
MR       .....                  (no barding)
Stlth    ++........             (no amulet)
HPRegen  0.12/turn              (no ring)
MPRegen  0.11/turn              (no ring)

@: very slow
A: large, see invisible, deformed body, poison resistance, slowness 2, spit
poison 1, AC +1
a: Spit Poison


You were on level 2 of the Dungeon.
You visited 1 branch of the dungeon, and saw 3 of its levels.

You collected 126 gold pieces.

Inventory:

Hand Weapons
 c - a +0 whip
 i - a +0 short sword
 r - a +0 dagger (weapon)
Missiles
 b - 9 poisoned darts (quivered)
Armour
 a - a +0 robe
 h - a +0 robe
 m - a +0 robe
 p - a +0 robe (worn)
Jewellery
 n - an uncursed ring of flight {unknown}
 q - a +6 ring of intelligence {unknown}
Scrolls
 e - a scroll of fear {unknown}
 g - 4 scrolls of remove curse {unknown}
 k - 3 scrolls of identify {unknown}
 l - a scroll of fog {unknown}
Potions
 d - 2 potions of curing {unknown}
 f - a potion of might {unknown}
 j - a potion of heal wounds {unknown}
 o - a potion of flight {unknown}


   Skills:
 + Level 0.2 Maces & Flails
 + Level 2.0 Dodging
 + Level 3.2 Stealth
 + Level 2.8 Spellcasting
 + Level 1.2 Transmutations
 + Level 1.1 Air Magic
 + Level 4.6 Poison Magic


You had 5 spell levels left.
You knew the following spells:

 Your Spells              Type           Power        Failure   Level
a - Sting                 Tmut/Pois      ##..         6%          1
b - Poisonous Vapours     Pois/Air       ##....       9%          2

Your spell library contained the following spells:

 Spells                   Type           Power        Failure   Level
 Ignite Poison            Fire/Tmut/Pois #.......     26%         3
 Mephitic Cloud           Conj/Pois/Air  #.......     26%         3
 Olgreb's Toxic Radiance  Pois           ###.....     28%         4


Dungeon Overview and Level Annotations

Branches:
Dungeon (3/15)

Altars:

Annotations:
D:3 Robin


Innate Abilities, Weirdness & Mutations

You cannot wear boots.
Your serpentine skin is tough. (AC +1)
You have supernaturally acute eyesight. (SInv)
Armour fits poorly on your strangely shaped body.
Your system is resistant to poisons. (rPois)
You cover ground very slowly.
You can spit poison.


Message History

Poisonous vapours surround the hobgoblin!
The hobgoblin is engulfed in poison gas.
The hobgoblin looks even sicker.
You kill the hobgoblin!
The hobgoblin hits you with a +0 club.
Casting: Poisonous Vapours (safe; 9% risk of failure)
Confirm with . or Enter, or press ? or * to list all spells.
You don't know that spell.
You closely miss the hobgoblin. The hobgoblin closely misses you.
You barely miss the hobgoblin. The hobgoblin barely misses you.
You hit the hobgoblin.
The hobgoblin is moderately wounded.
You hit the hobgoblin but do no damage.
The hobgoblin is moderately wounded.
The hobgoblin hits you with a +0 club.
* * * LOW HITPOINT WARNING * * *
You hit the hobgoblin but do no damage.
The hobgoblin is moderately wounded.
The hobgoblin hits you with a +0 club!
You die...

#.##...###.###..# #.#
#.# #.#.....#...##..#
#.# #.#
#...............# #.#
#.# ###.....#...##.##
#.# #.#
###...###.###.# #.#
#.# #.....# #.....#
#.# #.#
#.....###..#### #.#
#..
#....(..#.)########.#
###
#.....#.#.)@........#
#.....#.##))g...#####
### #######.#######.#
#.. #.# #.# #.# #.#
#.# #.# #.# #.# #.#
#># #.# #.# #.# #.#
#.# #.# #.####### #.#


You could see a hobgoblin (strong).

Vanquished Creatures
  A gnoll (D:2)
  An adder (D:2)
  A worm (D:2)
  A leopard gecko (D:2)
  7 bats
  2 giant cockroaches (D:1)
  5 hobgoblins (D:2)
  5 kobolds
  4 frilled lizards
  8 goblins
  3 rats
38 creatures vanquished.

Notes
Turn   | Place    | Note
-------+----------+-------------------------------------------
     0 | D:1      | Forecaster the Naga Venom Mage began the quest for the Orb.
     0 | D:1      | Reached XP level 1. HP: 15/15 MP: 3/3
   211 | D:1      | Reached XP level 2. HP: 18/22 MP: 0/5
   215 | D:1      | Learned a level 2 spell: Poisonous Vapours
   395 | D:1      | You fall into a shaft and drop 1 floor!
   530 | D:2      | Reached XP level 3. HP: 28/28 MP: 1/6
  1706 | D:2      | Reached XP level 4. HP: 16/36 MP: 1/8
  1877 | D:2      | Reached skill level 1 in Air Magic
  1932 | D:3      | Noticed Robin
  1942 | D:2      | Slain by a hobgoblin

Illustrated notes

Levels and vault maps discovered:
D:1:      dpeg_arrival_prison, layout_rooms, chequers_serial_rivers_micro_c,
          corexii_corridor_pit
D:2:      layout_loops_ring, minmay_increasing_density
D:3:      layout_rooms, minitemple, yredelemnul_altar_generic, uniq_robin,
          uniq_sigmund

Skill      XL: |  1  2  3  4 |
---------------+-------------+-----
Dodging        | 2 |  2.0
Air Magic      | 1 |  1.1
Maces & Flails | |  0.2
Stealth        | |  3.2
Spellcasting   | |  2.8
Transmutations | |  1.2
Poison Magic   | |  4.6

Action                   |  1- 3 |  4- 6 || total
-------------------------+-------+-------++-------
Melee: Unarmed           |     9 |       ||     9
       Whip              |     6 |       ||     6
       Short sword       |    11 |       ||    11
       Dagger            |     3 |     5 ||     8
 Cast: Sting             |    13 |       ||    13
       Poisonous Vapours |    35 |     7 ||    42
Armor: Robe              |    21 |     3 ||    24
Dodge: Dodged            |    33 |     8 ||    41

Table legend: (Time is in decaauts)
 A = Elapsed time spent in this place.
 B = Non-inter-level travel time spent in this place.
 C = Inter-level travel time spent in this place.
 D = Time resting spent in this place.
 E = Time spent auto-exploring this place.
 F = Levels seen in this place.
 G = Mean time per level.
                   A        B        C        D        E       F      G
               +--------+--------+--------+--------+--------+-----+--------+
         Total |   2260 |   2216 |     44 |    424 |   1491 |   3 |  753.3 |
       Dungeon |   2260 |   2216 |     44 |    424 |   1491 |   3 |  753.3 |
               +--------+--------+--------+--------+--------+-----+--------+

Top non-repeatable levels by time:
     D:2: 1804 daAuts
     D:1: 437 daAuts
     D:3: 18 daAuts
